 Dungeon Sprint DCSS version 0.27-a0-592-g0306a34022 (webtiles) character file.

Game seed: 17953637516487124674

18277 mhtbhm the Severer (level 12, -14/125 HPs)
             Began as a Minotaur Fighter on Mar 10, 2021.
             Was the Champion of Trog.
             Blown up by an eye of devastation (30 damage)
             ... with a bolt of energy
             ... in the Dungeon (Sprint VII: "The Pits").
             The game lasted 00:04:11 (1925 turns).

mhtbhm the Severer (Minotaur Fighter)               Turns: 1925, Time: 00:04:12

Health: -14/125    AC: 26    Str: 25    XL:     12   Next: 26%
Magic:  9/11       EV:  9    Int:  5    God:    Trog [******]
Gold:   0          SH: 15    Dex: 17    Spells: 11/11 levels left

rFire    . . .     SeeInvis .   a - +5 broad axe (vorpal)
rCold    . . .     Faith    .   c - +0 kite shield
rNeg     . . .     Spirit   .   b - +3 plate armour
rPois    .         Reflect  .   (helmet restricted)
rElec    .         Harm     .   n - +0 cloak
rCorr    .         Rampage  .   s - +0 pair of gloves
Will     .....     NoTele   +   r - +0 pair of boots
Stlth    ..........             (no amulet)
HPRegen  0.30/turn              o - +3 ring of dexterity
MPRegen  0.12/turn              p - +3 ring of dexterity

@: berserk cooldown, slowed, very slow
A: horns 2, retaliatory headbutt
a: Renounce Religion, Berserk, Trog's Hand, Brothers in Arms


You were in the Dungeon.
You worshipped Trog.
Trog was exalted by your worship.
You visited 1 branch

Inventory:

Hand Weapons
 a - a +5 vorpal broad axe (weapon)
 t - the +10 bardiche "Masuagi" {vorpal, rPois rC+ Str+4}
   (Trog gifted it to you in the Dungeon)

   It inflicts extra damage upon your enemies.
   It affects your strength (+4).
   It protects you from cold.
   It protects you from poison.
Armour
 b - a +3 plate armour (worn)
 c - a +0 kite shield (worn)
 n - a +0 cloak (worn)
 r - a +0 pair of boots (worn)
 s - a +0 pair of gloves (worn)
Jewellery
 o - a +3 ring of dexterity (right hand)
 p - a +3 ring of dexterity (left hand)
Wands
 m - a wand of polymorph (9)
Scrolls
 j - a scroll of blinking
 l - a scroll of summoning
Potions
 d - 2 potions of might
 e - 7 potions of curing
 f - 10 potions of heal wounds
 g - 3 potions of haste
 h - 4 potions of magic
 i - 3 potions of berserk rage
 k - 2 potions of invisibility
 q - a potion of resistance


   Skills:
 + Level 17.0 Fighting
 + Level 20.5 Axes
 + Level 17.1 Armour
 + Level 2.9 Dodging
 + Level 1.8 Stealth
 + Level 17.2 Shields


You had 11 spell levels left.
You didn't know any spells.
Your spell library was empty.

Dungeon Overview and Level Annotations

Branches:
Dungeon (1/1)

Altars:
Ashenzari
Cheibriados
Dithmenos
Elyvilon
Fedhas
Gozag
Hepliaklqana
Kikubaaqudgha
Makhleb
Nemelex Xobeh
Okawaru
Qazlal
Ru
Sif Muna
Trog
Uskayaw
Vehumet
Wu Jian
Xom
Yredelemnul
Zin
The Shining One
Beogh
Jiyva
Lugonu


Innate Abilities, Weirdness & Mutations

You have a pair of horns on your head.
You reflexively headbutt those who attack you in melee.


Message History

The death yak bellows!
You hit something. Your headbutt misses something. You hit the eye of draining.
You are no longer berserk.
You are exhausted.
You feel yourself slow down.
You feel sick. Something hits you but does no damage.
Your stone giant hits the eye of draining!!!
The eye of draining dies!
Trog accepts your kill.
Unknown command.
You slice something!!
You feel sick. Something hits you but does no damage.
You block something's attack.
You slice something!! Trog accepts your kill.
Trog appreciates your killing of a magic user.
Something appears at your feet!
You see here a +3 short sword.
Trog grants you a weapon!
Reactivating autopickup.
You feel a bit more experienced.
You feel sick.
Your stone giant hits the orange demon but does no damage.
Your Fighting skill increases to level 17!
You feel better.
Your stone giant hits the orange demon.
You block the orange demon's attack. The eye of devastation gazes at you.
The bolt of energy hits you!
* * * LOW HITPOINT WARNING * * *
Your stone giant hits the orange demon but does no damage.
The eye of devastation gazes at you. The bolt of energy hits you.
* * * LOW HITPOINT WARNING * * *
You swap places.
Your stone giant rages.
Your stone giant hits the death yak!!!
The orange demon stings you but does no damage.
The necrophage hits you but does no damage.
Your stone giant hits the death yak!
The eye of devastation gazes at you.
The bolt of energy misses the necrophage.
The bolt of energy hits you!!
You die...

## .# ##......## #####+#
#........## ####.....##
+ ........###.........#
###.......##......G...##
))###......#...........#
))).##.....#.....n.....#
###)[##....#'(.)@Y4....#
..##.)()....#†..C.....##
...'..#).....##'.....##
..##..#........######+ #
#...##...#####
......##.## ###########


You could see a death yak, an eye of devastation, an orange demon (ally target),
a necrophage and a friendly stone giant (summoned, berserk).

Vanquished Creatures
  A pearl dragon (D)
  Agnes (D)
  A great orb of eyes (D)
  A hydra (D)
  A boulder beetle (D)
  A two-headed ogre (D)
  A death yak (D)
  A spriggan berserker (D)
  A deep elf knight (D)
  A sea snake (D)
  An unseen horror (D)
  A flayed ghost (D)
  3 orc knights (D)
  An orc sorcerer (D)
  2 cyclopes (D)
  A guardian serpent (D)
  A cane toad (D)
  An ice devil (D)
  A guardian mummy (D)
  2 jumping spiders (D)
  A troll (D)
  5 blink frogs (D)
  A spriggan (D)
  A shadow (D)
  2 basilisks (D)
  A wraith (D)
  4 vampire mosquitoes (D)
  A water moccasin (D)
  A floating eye (D)
  A swamp drake (D)
  2 orc warriors (D)
  A sky beast (D)
  An ice beast (D)
  An ogre (D)
  2 centaurs (D)
  A kobold brigand (D)
  A gnoll sergeant (D)
  6 killer bees (D)
  A quasit (D)
  An orc priest (D)
  Crazy Yiuf (D)
  An orc wizard (D)
  A hell rat (D)
  A mummy (D)
  5 gnolls (D)
  An adder (D)
  2 ufetubi (D)
  A worm (D)
  3 orcs (D)
  2 ball pythons (D)
  3 giant cockroaches (D)
  A goblin (D)
  3 hobgoblins (D)
  A bat simulacrum (D)
  A frilled lizard (D)
  A jackal zombie (D)
  A rat (D)
88 creatures vanquished.

Vanquished Creatures (collateral kills)
  A minotaur (D)
  An orc warrior (D)
  An eye of draining (D)
  An orc priest (D)
4 creatures vanquished.

Grand Total: 92 creatures vanquished

Notes
Turn   | Place    | Note
-------+----------+-------------------------------------------
     0 | D        | mhtbhm the Minotaur Fighter began the quest for the Orb.
     0 | D        | Reached XP level 1. HP: 19/19 MP: 0/0
    19 | D        | Reached XP level 2. HP: 23/28 MP: 1/1
    23 | D        | Found a bloodstained altar of Trog.
    23 | D        | Found a shimmering blue altar of Sif Muna.
    23 | D        | Found a viscous altar of Jiyva.
    23 | D        | Found a hazy altar of Hepliaklqana.
    23 | D        | Found an opulent altar of Gozag.
    24 | D        | Found a glowing golden altar of the Shining One.
    24 | D        | Found a glowing silver altar of Zin.
    24 | D        | Found a basalt altar of Yredelemnul.
    24 | D        | Found a shimmering altar of Xom.
    24 | D        | Found an ornate altar of the Wu Jian Council.
    24 | D        | Found a sacrificial altar of Ru.
    24 | D        | Found a stormy altar of Qazlal.
    24 | D        | Found an iron altar of Okawaru.
    24 | D        | Found a sparkling altar of Nemelex Xobeh.
    24 | D        | Found a burning altar of Makhleb.
    24 | D        | Found a blossoming altar of Fedhas.
    24 | D        | Found a white marble altar of Elyvilon.
    24 | D        | Found a shadowy altar of Dithmenos.
    24 | D        | Found a snail-covered altar of Cheibriados.
    26 | D        | Found a radiant altar of Vehumet.
    26 | D        | Found a corrupted altar of Lugonu.
    28 | D        | Became a worshipper of Trog the Wrathful
   164 | D        | Reached * piety under Trog
   165 | D        | Reached skill level 5 in Fighting
   165 | D        | Reached skill level 3 in Axes
   165 | D        | Reached skill level 5 in Armour
   165 | D        | Reached skill level 5 in Shields
   232 | D        | Noticed a floating eye
   236 | D        | Killed a floating eye
   236 | D        | Reached ** piety under Trog
   237 | D        | Reached skill level 4 in Axes
   237 | D        | Reached XP level 3. HP: 38/38 MP: 2/2
   237 | D        | Reached XP level 4. HP: 45/45 MP: 3/3
   320 | D        | Noticed a water moccasin
   320 | D        | Noticed Crazy Yiuf
   321 | D        | Noticed a centaur
   323 | D        | Noticed a gnoll sergeant
   326 | D        | Reached *** piety under Trog
   327 | D        | Reached XP level 5. HP: 52/52 MP: 4/4
   328 | D        | Killed Crazy Yiuf
   329 | D        | Reached skill level 5 in Axes
   336 | D        | Killed a water moccasin
   337 | D        | Reached skill level 6 in Axes
   337 | D        | Reached XP level 6. HP: 38/62 MP: 5/5
   340 | D        | Reached **** piety under Trog
   343 | D        | Reached skill level 10 in Armour
   354 | D        | Reached skill level 7 in Axes
   354 | D        | Reached skill level 10 in Shields
   556 | D        | Noticed an orc knight
   566 | D        | Killed an orc knight
   566 | D        | Reached ***** piety under Trog
   567 | D        | Reached skill level 10 in Fighting
   567 | D        | Reached skill level 9 in Axes
   567 | D        | Reached skill level 1 in Dodging
   567 | D        | Reached XP level 7. HP: 72/72 MP: 6/6
   616 | D        | Received a gift from Trog
   621 | D        | Reached XP level 8. HP: 80/80 MP: 7/7
   636 | D        | Reached skill level 10 in Axes
   746 | D        | Found a hide-covered altar of Uskayaw.
   746 | D        | Found an ancient bone altar of Kikubaaqudgha.
   746 | D        | Found a broken altar of Ashenzari.
   773 | D        | Noticed a flayed ghost
   774 | D        | Noticed a death yak
   781 | D        | Killed a flayed ghost
   782 | D        | Reached skill level 11 in Axes
   790 | D        | Killed a death yak
   791 | D        | Reached skill level 12 in Axes
   791 | D        | Reached skill level 1 in Stealth
   791 | D        | Reached XP level 9. HP: 51/89 MP: 8/8
  1018 | D        | Noticed a two-headed ogre
  1018 | D        | Noticed a cane toad
  1023 | D        | Killed a cane toad
  1024 | D        | Reached skill level 13 in Axes
  1029 | D        | Killed a two-headed ogre
  1030 | D        | Reached skill level 14 in Axes
  1062 | D        | Noticed a jumping spider
  1063 | D        | Noticed a spriggan berserker
  1077 | D        | Killed a jumping spider
  1077 | D        | Reached ****** piety under Trog
  1077 | D        | Identified the +10 bardiche "Masuagi" {vorpal, rPois rC+
                  | Str+4} (Trog gifted it to you in the Dungeon)
  1077 | D        | Received a gift from Trog
  1078 | D        | Killed a spriggan berserker
  1079 | D        | Reached skill level 15 in Axes
  1079 | D        | Reached XP level 10. HP: 88/100 MP: 9/9
  1242 | D        | Noticed Agnes
  1251 | D        | Killed Agnes
  1252 | D        | Reached skill level 16 in Axes
  1253 | D        | Reached skill level 17 in Axes
  1332 | D        | Noticed a boulder beetle
  1346 | D        | Killed a boulder beetle
  1348 | D        | Received a gift from Trog
  1383 | D        | Noticed a pearl dragon
  1393 | D        | Killed a pearl dragon
  1394 | D        | Reached skill level 18 in Axes
  1394 | D        | Reached skill level 15 in Armour
  1394 | D        | Reached XP level 11. HP: 68/111 MP: 10/10
  1615 | D        | Noticed an orc sorcerer
  1620 | D        | Noticed a soul eater
  1635 | D        | Killed an orc sorcerer
  1636 | D        | Reached skill level 19 in Axes
  1636 | D        | Reached skill level 15 in Shields
  1695 | D        | Received a gift from Trog
  1704 | D        | Noticed a great orb of eyes
  1715 | D        | Killed a great orb of eyes
  1716 | D        | Reached skill level 15 in Fighting
  1744 | D        | Received a gift from Trog
  1764 | D        | Received a gift from Trog
  1785 | D        | Received a gift from Trog
  1793 | D        | Noticed a six-headed hydra
  1799 | D        | Killed an eight-headed hydra
  1799 | D        | Noticed an orc knight
  1800 | D        | Reached skill level 20 in Axes
  1800 | D        | Received a gift from Trog
  1805 | D        | Killed an unseen horror
  1808 | D        | Killed an orc knight
  1815 | D        | Noticed an orc knight
  1823 | D        | Reached XP level 12. HP: 57/122 MP: 11/11
  1827 | D        | Received a gift from Trog
  1843 | D        | Received a gift from Trog
  1844 | D        | Noticed a minotaur
  1896 | D        | Killed a minotaur
  1920 | D        | Noticed a death yak
  1923 | D        | Received a gift from Trog
  1925 | D        | Blown up by an eye of devastation

Illustrated notes

Levels and vault maps discovered:
D:        pitsprint [storerooms_1, entrance_room_1, metal_vault_7, armoury_3,
          mini_pit_1, grid_room_1, main_hall_1, silver_pit, the_coven_3,
          the_vestibule_1, steel_vault_2, golden_pit, hallway_of_sentries,
          crystal_vault_3, iron_vault_4, final_vault]

Skill      XL: |  1  2  3  4  5  6  7  8  9 10 11 12 |
---------------+-------------------------------------+-----
Fighting       | 4 6 7 8 10 11 12 14 16 17 | 17.0
Armour         | 4 7 9 11 13 15 16 17 | 17.1
Shields        | 4 7 9 11 12 13 14 16 17 | 17.2
Axes           | 4 6 9 12 15 18 20 | 20.5
Dodging        | 1 2 |  2.9
Stealth        | 1 |  1.8

Action                   |  1- 3 |  4- 6 |  7- 9 | 10-12 || total
-------------------------+-------+-------+-------+-------++-------
Melee: War axe           |     4 |       |       |       ||     4
       Headbutt          |     2 |     3 |     9 |    26 ||    40
       Hand axe          |    10 |    37 |    13 |       ||    60
       Broad axe         |       |       |    40 |   131 ||   171
Invok: Berserk           |     1 |     2 |     4 |     7 ||    14
       Brothers in Arms  |       |       |       |     2 ||     2
  Use: Potion            |       |       |       |     3 ||     3
Armor: Scale mail        |     2 |       |       |       ||     2
       Plate armour      |       |    17 |    18 |    77 ||   112
Dodge: Dodged            |     2 |    10 |     8 |    27 ||    47
Block: Kite shield       |     7 |    31 |    27 |    84 ||   149

Table legend: (Time is in decaauts)
 A = Elapsed time spent in this place.
 B = Non-inter-level travel time spent in this place.
 C = Inter-level travel time spent in this place.
 D = Time resting spent in this place.
 E = Time spent auto-exploring this place.
 F = Levels seen in this place.
 G = Mean time per level.
                   A        B        C        D        E       F      G
               +--------+--------+--------+--------+--------+-----+--------+
         Total |   2007 |   2007 |      0 |   1158 |     87 |   1 | 2007.0 |
       Dungeon |   2007 |   2007 |      0 |   1158 |     87 |   1 | 2007.0 |
               +--------+--------+--------+--------+--------+-----+--------+

Top non-repeatable levels by time:
       D: 2007 daAuts
